 Dungeon Crawl Stone Soup version 0.21-a0-237-g87df72b (webtiles) character file.

130 Gorice the Shooter (level 5, 0/37 HPs)
             Began as a Gnoll Arcane Marksman on Sept 2, 2017.
             Slain by Ijyb
             ... wielding a +5 dagger of venom
              (1 damage)
             ... on level 3 of the Dungeon.
             The game lasted 00:15:07 (2591 turns).

Gorice the Shooter (Gnoll Arcane Marksman)          Turns: 2591, Time: 00:15:09

Health: 0/37       AC:  5    Str:  7    XL:     5   Next: 14%
Magic:  7/7        EV:  8    Int:  7    God:
Gold:   136        SH:  0    Dex:  7    Spells: 6/7 levels left

rFire    . . .     SeeInvis .   a - +1 shortbow
rCold    . . .     Gourm    .   (shield currently unavailable)
rNeg     . . .     Faith    .   x - +0 ring mail (curse)
rPois    .         Spirit   .   (no helmet)
rElec    .         Reflect  .   (no cloak)
rCorr    .         Harm     .   (no gloves)
MR       +....                  (no boots)
Stlth    ..........             (no amulet)
HPRegen  0.12/turn              n - ring of protection from magic
MPRegen  0.10/turn              j - -2 ring of evasion (curse)

@: lethally poisoned (0 -> -2)
A: unchanging attributes, fangs 1, strong nose
a: no special abilities


You were on level 3 of the Dungeon.
You were hungry.

You visited 1 branch of the dungeon, and saw 3 of its levels.

You collected 136 gold pieces.

Inventory:

Hand Weapons
 a - a +1 shortbow (weapon)
 b - a +0 spear
 h - a +0 dagger
 p - a +0 short sword
Missiles
 d - 19 arrows (quivered)
 i - 16 bolts
 Z - 68 stones
Armour
 e - a +0 robe
 o - a cursed +0 chain mail
 q - a +0 ring mail of fire resistance
   (You took it off Terence on level 2 of the Dungeon)
 x - a cursed +0 ring mail (worn)
 y - a +1 robe
Jewellery
 j - a cursed -2 ring of evasion (right hand)
 n - a ring of protection from magic (left hand)
Wands
 w - a wand of random effects (30/48)
Scrolls
 t - a scroll of random uselessness {unknown}
Potions
 g - a potion of mutation {unknown}
 l - 2 potions of flight
 m - a potion of heal wounds {!q}
 s - 4 potions of lignification {!q}
 z - a potion of berserk rage {unknown}
 A - a potion of brilliance {unknown}
Books
 c - a book of Debilitation
 v - a book of Cantrips
Comestibles
 f - 2 bread rations {!e}
 k - 3 meat rations {!e}


   Skills:
 - Level 1.3 Fighting
 * Level 6.7 Bows
 - Level 2.6 Dodging
 - Level 1.5 Spellcasting
 - Level 4.2 Hexes


You had 6 spell levels left.
You knew the following spells:

 Your Spells              Type           Power        Failure   Level  Hunger
a - Corona                Hex            #......      26%         1    ##.....


Dungeon Overview and Level Annotations

Branches:
Dungeon (3/15)

Altars:
Trog
Vehumet

Annotations:
D:3 Ijyb


Innate Abilities, Weirdness & Mutations

Your physical attributes are unchanging.
You have very sharp teeth.
Your uncanny sense of smell can sniff out nearby items.


Message History

Ijyb is heavily wounded.
You feel sick. Ijyb barely misses you.
Damage: 1 (max 4) Firing (i - inventory. (,) - cycle):
d - 23 arrows (quivered)
Press: ? - help, Shift-Dir - straight line, f/p - Ijyb
Aim: Ijyb, wielding a dagger of venom, wearing a chain mail and carrying a wand of confusion (?/48) {zapped: 5} (heavily wounded)
You shoot an arrow. The arrow hits Ijyb.
Ijyb is heavily wounded.
Ijyb zaps a wand.
You resist with almost no effort.
Firing (i - inventory. (,) - cycle):
d - 22 arrows (quivered)
Press: ? - help, Shift-Dir - straight line, f/p - Ijyb
Aim: Ijyb, wielding a dagger of venom, wearing a chain mail and carrying a wand of confusion (?/48) {zapped: 6} (heavily wounded)
You shoot an arrow. The arrow closely misses Ijyb.
Ijyb hits you with a dagger of venom.
* * * LOW HITPOINT WARNING * * *
Damage: 4 (max 4) Firing (i - inventory. (,) - cycle):
d - 21 arrows (quivered)
Press: ? - help, Shift-Dir - straight line, f/p - Ijyb
Aim: Ijyb, wielding a dagger of venom, wearing a chain mail and carrying a wand of confusion (?/48) {zapped: 6} (heavily wounded)
You shoot an arrow. The arrow hits Ijyb but does no damage.
Ijyb is heavily wounded.
Ijyb hits you with a dagger of venom.
* * * LOW HITPOINT WARNING * * *
All of the chunks of flesh in your inventory have rotted away.
Damage: 1 (max 4) Firing (i - inventory. (,) - cycle):
d - 20 arrows (quivered)
Press: ? - help, Shift-Dir - straight line, f/p - Ijyb
Aim: Ijyb, wielding a dagger of venom, wearing a chain mail and carrying a wand of confusion (?/48) {zapped: 6} (heavily wounded)
You shoot an arrow. The arrow barely misses Ijyb.
You feel sick.
Ijyb zaps a wand.
You resist with almost no effort.
Damage: 1 (max 4) Evoke which item? (* to show all) (? for menu, Esc to quit)
Aiming: Random Effects (will waste charges)
Press: ? - help, Shift-Dir - straight line, f/p - Ijyb
Aim: Ijyb, wielding a dagger of venom, wearing a chain mail and carrying a wand of confusion (?/48) {zapped: 7} (heavily wounded)
The puff of flame hits Ijyb.
Ijyb is severely wounded.
Evoking this partially-identified wand wasted a few charges.
Ijyb zaps a wand.
You resist with almost no effort.
Evoke which item? (* to show all) (? for menu, Esc to quit)
Aiming: Random Effects (will waste charges)
Press: ? - help, Shift-Dir - straight line, f/p - Ijyb
Aim: Ijyb, wielding a dagger of venom, wearing a chain mail and carrying a wand of confusion (?/48) {zapped: 8} (severely wounded)
The mass of ice explodes!
The iceblast engulfs Ijyb.
Ijyb is almost dead.
The iceblast engulfs you!
* * * LOW HITPOINT WARNING * * *
Evoking this partially-identified wand wasted a few charges.
Ijyb hits you with a dagger of venom.
You die...

#.# ... #g# #.# #.#
#.# #.# #(#######
#.((.g@.#
#################.#
[...........# #.#
###########.# #.#
#.# #.# #.#####.#
#.......# #########


You could see Ijyb.

Vanquished Creatures
  Jessica (D:2)
  Terence (D:2)
  2 adders (D:2)
  An ooze (D:1)
  A dart slug (D:2)
  3 orcs (D:3)
  A giant cockroach (D:3)
  3 goblins (D:1)
  12 hobgoblins
  2 jackals (D:1)
  6 kobolds
  A quokka (D:3)
  3 bats
  4 frilled lizards
  14 rats
55 creatures vanquished.

Vanquished Creatures (others)
  4 toadstools (D:1)
4 creatures vanquished.

Grand Total: 59 creatures vanquished

Notes
Turn   | Place    | Note
-------+----------+-------------------------------------------
     0 | D:1      | Gorice the Gnoll Arcane Marksman began the quest for the Orb.
     0 | D:1      | Reached XP level 1. HP: 15/15 MP: 3/3
    40 | D:1      | Reached skill level 3 in Bows
    84 | D:1      | Reached XP level 2. HP: 21/21 MP: 2/4
   235 | D:1      | Reached skill level 4 in Bows
   376 | D:1      | Reached XP level 3. HP: 23/26 MP: 5/5
  1230 | D:2      | Reached skill level 5 in Bows
  1237 | D:2      | Noticed Terence
  1269 | D:2      | Killed Terence
  1269 | D:2      | Reached XP level 4. HP: 10/32 MP: 3/6
  1655 | D:2      | Found a radiant altar of Vehumet.
  1899 | D:2      | Found a bloodstained altar of Trog.
  2050 | D:2      | Reached skill level 6 in Bows
  2093 | D:2      | Noticed Jessica
  2100 | D:2      | Killed Jessica
  2100 | D:2      | Reached XP level 5. HP: 31/37 MP: 5/7
  2551 | D:3      | Noticed Ijyb
  2591 | D:3      | HP: 1/37 [shot self (13)]
  2591 | D:3      | Slain by Ijyb

Vault maps used:
D:1:      ldierk_walled_garden_2
D:2:      marbit_many_paths, lemuel_doored_altar, st_stairs_13, uniq_terence,
          uniq_jessica
D:3:      uniq_robin, uniq_ijyb

Skill      XL: |  1  2  3  4 |
---------------+-------------+-----
Bows           | 3 4 5 6 |  6.7
Fighting       | |  1.3
Dodging        | |  2.6
Spellcasting   | |  1.5
Hexes          | |  4.2

Action                   |  1- 3 |  4- 6 || total
-------------------------+-------+-------++-------
 Fire: Shortbow          |   147 |    87 ||   234
Throw: Stone             |     2 |       ||     2
 Cast: Corona            |    14 |    19 ||    33
Evoke: Wand              |       |     3 ||     3
  Use: Scroll            |     3 |     5 ||     8
  Eat: Chunk             |     1 |     5 ||     6
Armor: Ring mail         |    25 |    24 ||    49
Dodge: Dodged            |    49 |    37 ||    86

Table legend:
 A = Spawn XP
 B = Non-spawn XP
 C = Spawn XP percentage of total XP
 D = Spawn monster count
 E = Non-spawn monster count
 F = Spawn count percentage of total count
 G = Total turns spent on level
                    A         B        C        D         E        F      G
               +---------+---------+-------+---------+---------+-------+---------
         Total |       4 |     183 |   2.1 |       3 |      52 |   5.5 |  2591
               +---------+---------+-------+---------+---------+-------+---------
           D:1 |       2 |      46 |   4.2 |       2 |      28 |   6.7 |  1161
           D:2 |       2 |     119 |   1.7 |       1 |      16 |   5.9 |  1107
           D:3 |       0 |      18 |   0.0 |       0 |       8 |   0.0 |   323
               +---------+---------+-------+---------+---------+-------+---------

Table legend:
 A = Turns spent in this place as a percentage of turns spent in the entire game.
 B = Non-inter-level travel turns spent in this place as a percentage of non-inter-level travel turns spent in the entire game.
 C = Inter-level travel turns spent in this place as a percentage of turns spent in this place.
 D = Turns resting spent in this place as a percentage of non-inter-level travel turns spent in this place.
 E = Turns spent auto-exploring this place as a percentage of non-inter-level travel turns spent in this place.
 F = Non-inter-level travel turns spent in this place divided by the number of levels of this place that you've seen.
                   A       B       C       D       E      F
               +-------+-------+-------+-------+-------+----------------------
         Total | 100.0 | 100.0 |   2.1 |  19.2 |  38.6 | 845.3
       Dungeon | 100.0 | 100.0 |   2.1 |  19.2 |  38.6 | 845.3
               +-------+-------+-------+-------+-------+----------------------

Vault maps used:
D:1:      ldierk_walled_garden_2
D:2:      marbit_many_paths, lemuel_doored_altar, st_stairs_13, uniq_terence,
          uniq_jessica
D:3:      uniq_robin, uniq_ijyb
